 Dungeon Crawl Stone Soup version 0.25-a0-975-gcae8493d64 (webtiles) character file.

Game seed: 12724653559675735724, levelgen mode: deterministic

42295 Flugslaktarn the Severer (level 13, -9/122 HPs)
             Began as a Minotaur Fighter on May 9, 2020.
             Was the Champion of Ru.
             Killed from afar by a lindwurm (33 damage)
             ... with a blast of flame
             ... on level 6 of the Lair of Beasts.
             The game lasted 00:09:24 (20094 turns).

Flugslaktarn the Severer (Minotaur Fighter)        Turns: 20094, Time: 00:09:25

Health: -9/122     AC: 22    Str: 24    XL:     13   Next: 84%
Magic:  10/12      EV:  8    Int: 15    God:    Ru [******]
Gold:   1160       SH: 14    Dex: 14    Spells: 12/12 levels left

rFire    . . .     SeeInvis .   a - +1 war axe
rCold    . . .     Gourm    .   c - +0 kite shield
rNeg     . . .     Faith    .   F - +5 scale mail of the Iron Devil {Str+2 Int+7}
rPois    .         Spirit   .   G - +2 hat {Int+3}
rElec    .         Reflect  +   u - +0 cloak
rCorr    .         Harm     .   b - +0 pair of gloves
MR       +....                  (no boots)
Stlth    ..........             o - +2 amulet of reflection
HPRegen  0.30/turn              p - +3 ring of protection
MPRegen  0.13/turn              m - ring of protection from magic

@: exhausted, heavily drained
A: retaliatory headbutt, horns 2, inability to use devices, hated by all, no
earth magic, no summoning magic, no transmutations magic, reduced EV 1,
inexperienced 1
a: Draw Out Power, Power Leap, Apocalypse, Renounce Religion


You were on level 6 of the Lair of Beasts.
You worshipped Ru.
Ru was exalted by your worship.
You were hungry.

You visited 2 branches of the dungeon, and saw 18 of its levels.

You collected 1220 gold pieces.
You spent 60 gold pieces at shops.

Inventory:

Hand Weapons
 a - a +1 war axe (weapon)
Missiles
 C - 4 throwing nets (quivered)
Armour
 b - a +0 pair of gloves (worn)
   (You found it on level 8 of the Dungeon)
 c - a +0 kite shield (worn)
 u - a +0 cloak (worn)
   (You found it on level 7 of the Dungeon)
 F - the +5 scale mail of the Iron Devil (worn) {Str+2 Int+7}
   (You found it on level 2 of the Lair of Beasts)

   It affects your strength (+2).
   It affects your intelligence (+7).
 G - a +2 hat of intelligence (worn)
   (You took it off Gastronok on level 2 of the Lair of Beasts)
Jewellery
 j - an uncursed ring of protection from magic
   (You found it on level 4 of the Dungeon)
 k - an uncursed ring of resist corrosion
   (You took it off an orc on level 10 of the Dungeon)
 m - a ring of protection from magic (right hand)
   (You found it on level 4 of the Dungeon)
 o - a +2 amulet of reflection (around neck)
   (You found it on level 8 of the Dungeon)
 p - a +3 ring of protection (left hand)
   (You found it on level 8 of the Dungeon)
Scrolls
 f - 4 scrolls of magic mapping
 g - a scroll of immolation
 l - a scroll of fear
 x - 7 scrolls of remove curse
 y - 7 scrolls of teleportation
 z - 3 scrolls of blinking
 J - 2 scrolls of enchant weapon
Potions
 d - 3 potions of might
 h - 2 potions of haste
 i - 5 potions of flight
 n - 2 potions of resistance
 q - 4 potions of curing
 s - 3 potions of mutation
 t - a potion of cancellation
 A - 4 potions of lignification
 B - 2 potions of magic
 D - a potion of ambrosia {unknown}
 H - 2 potions of stabbing {unknown}
 I - a potion of invisibility {unknown}
 K - a potion of degeneration {unknown}
Comestibles
 e - 26 rations


   Skills:
 + Level 13.5(11.9) Fighting
 * Level 17.8(16.0) Axes
 + Level 13.4(11.8) Armour
 + Level 8.0(6.6) Dodging
 - Level 10.9(9.4) Shields


You had 12 spell levels left.
You didn't know any spells.
Your spell library was empty.

Dungeon Overview and Level Annotations

Branches:
Dungeon (12/15)            Temple (0/1) D:5            Lair (6/6) D:9
  Swamp (0/4) Lair:2       Spider (0/4) Lair:3        Slime (0/5) Lair:5
    Orc (0/2) D:11

Altars:
Cheibriados
Dithmenos
Gozag
Nemelex Xobeh
Ru
Sif Muna
Uskayaw
Wu Jian
Xom
The Shining One
Jiyva

Shops:
D:4 *   D:5 =   D:10 %(*:

Annotations:
D:4 exclusion: door
Lair:5 2 transporters, 1 runed translucent door, Lunath's ghost, journeyman FeBe
Lair:6 exclusion: 3 oklob plants


Innate Abilities, Weirdness & Mutations

You reflexively headbutt those who attack you in melee.
You have a pair of horns on your head.
You cannot study or use magical devices.
You are hated by all.
You cannot study or cast Earth magic.
You cannot study or cast Summoning magic.
You cannot study or cast Transmutations magic.
You have somewhat slow reflexes. (EV -5)
You are somewhat inexperienced. (-2 XL)


Message History

The lindwurm closely misses you.
You slash the deep troll shaman!
The deep troll shaman is heavily wounded.
You hit the death yak but do no damage. You barely miss the lindwurm.
The deep troll shaman bites you!!
* * * LOW HITPOINT WARNING * * *
The deep troll shaman claws you but does no damage.
The deep troll shaman claws you.
* * * LOW HITPOINT WARNING * * *
The death yak gores you but does no damage.
You are too injured to fight recklessly!
Okay, then.
You block the deep troll shaman's attack. x2
The deep troll shaman claws you.
* * * LOW HITPOINT WARNING * * *
The death yak is stunned by your will and fails to attack.
Unknown command.
The lindwurm breathes flames at you. The blast of flame hits you!!
You die...

### #.###
##†..#####
#.Yk......
#T....##P
##@..÷.#
##.#÷...# #
##..#......
# ##..##
....÷ #
#...# .....
# #...#
.#.. #P..#
###. #...#
##..#


You could see a death yak, a lindwurm (catching breath) and a deep troll shaman
(corona).

Vanquished Creatures
  Gastronok (Lair:2)
  Harold (Lair:2)
  5 hydras
  A catoblepas (Lair:6)
  2 two-headed ogres (D:11)
  4 death yaks
  Urug (D:10)
  Nergalle (Lair:3)
  2 lindwurms (Lair:6)
  An ugly thing (D:12)
  A cyclops (D:11)
  A centaur zombie (D:11)
  18 elephants
  5 black mambas
  4 torpor snails
  A gargoyle (D:12)
  A rime drake (Lair:6)
  8 spiny frogs
  5 komodo dragons
  A troll (D:12)
  6 hippogriffs
  15 blink frogs
  14 dream sheep
  A wraith (D:12)
  38 yaks
  8 wyverns
  5 basilisks
  A hungry ghost (D:10)
  Grum (Lair:1)
  22 water moccasins
  Duvessa (D:7)
  4 porcupines
  A swamp drake (D:9)
  3 ice beasts
  2 sky beasts
  4 orc warriors
  A hornet zombie (D:5)
  4 ogres
  A necrophage (D:10)
  8 wolves
  2 phantoms
  12 crocodiles
  6 centaurs
  11 bullfrogs
  A water moccasin skeleton (D:5)
  7 scorpions
  Dowan (D:7)
  7 killer bees
  12 wights
  A howler monkey (D:8)
  4 crimson imps
  5 orc priests
  5 hounds
  4 jellies
  2 bullfrog skeletons
  2 centaur skeletons
  An iguana (D:9)
  7 orc wizards
  10 worker ants
  A killer bee zombie (D:4)
  A hound zombie (D:5)
  A howler monkey skeleton (D:11)
  9 adders
  8 gnolls
  4 shadow imps
  An adder zombie (D:5)
  2 adder skeletons
  A worm (D:2)
  3 leopard geckos
  42 orcs
  4 giant cockroaches
  2 hobgoblins
  8 jackals
  A kobold (D:2)
  A quokka (D:3)
  7 bats
  3 frilled lizards
  A quokka skeleton (D:6)
  4 rats
  6 fungi
  9 plants
423 creatures vanquished.

Vanquished Creatures (others)
  An elephant (Lair:6)
  A torpor snail (Lair:3)
  A komodo dragon (Lair:3)
  A blink frog (Lair:5)
  A dream sheep (Lair:6)
  2 centaurs (D:11)
  2 killer bees
  An orc wizard (D:5)
  A bush (Lair:6)
  6 fungi
  10 plants (Lair:6)
27 creatures vanquished.

Grand Total: 450 creatures vanquished

Notes
Turn   | Place    | Note
-------+----------+-------------------------------------------
     0 | D:1      | Flugslaktarn the Minotaur Fighter began the quest for the
                  | Orb.
     0 | D:1      | Reached XP level 1. HP: 19/19 MP: 0/0
   228 | D:2      | Reached XP level 2. HP: 27/27 MP: 1/1
   238 | D:2      | Reached skill level 3 in Axes
   336 | D:3      | Reached XP level 3. HP: 25/33 MP: 2/2
   502 | D:3      | Found a sacrificial altar of Ru.
   513 | D:3      | Became a worshipper of Ru the Awakened
   543 | D:3      | Reached XP level 4. HP: 26/40 MP: 3/3
   940 | D:3      | Reached skill level 4 in Axes
  1164 | D:4      | Noticed a +0 dagger
  1164 | D:4      | Noticed a +0 dagger
  1166 | D:4      | Reached XP level 5. HP: 47/47 MP: 4/4
  1174 | D:4      | Found a hide-covered altar of Uskayaw.
  1184 | D:4      | Reached skill level 5 in Axes
  1229 | D:4      | Reached XP level 6. HP: 15/55 MP: 5/5
  1544 | D:4      | Found Cezxohie's General Store.
  1596 | D:4      | Bought a scroll of identify for 24 gold pieces
  1652 | D:4      | Reached skill level 5 in Fighting
  1652 | D:4      | Reached skill level 5 in Shields
  1703 | D:4      | Reached skill level 5 in Armour
  1866 | D:4      | Found a shimmering blue altar of Sif Muna.
  2031 | D:4      | Found an ornate altar of the Wu Jian Council.
  2087 | D:4      | Gained mutation: You cannot study or use magical devices.
                  | [Ru sacrifice]
  2087 | D:4      | Reached * piety under Ru
  2087 | D:4      | Reached ** piety under Ru
  2528 | D:5      | Entered Level 5 of the Dungeon
  2638 | D:5      | Found a shimmering blue altar of Sif Muna.
  2790 | D:5      | Reached skill level 6 in Axes
  3017 | D:5      | Reached XP level 7. HP: 46/61 MP: 6/6
  3207 | D:5      | Found Upeqyosh's Jewellery Emporium.
  3212 | D:5      | Found a staircase to the Ecumenical Temple.
  3288 | D:5      | Reached skill level 7 in Axes
  3563 | D:6      | Reached XP level 8. HP: 70/70 MP: 7/7
  3583 | D:6      | Found an opulent altar of Gozag.
  3801 | D:6      | Reached skill level 8 in Axes
  4797 | D:7      | Noticed Dowan
  4798 | D:7      | Noticed Duvessa
  4800 | D:7      | Killed Dowan
  4815 | D:7      | Killed Duvessa
  4815 | D:7      | Reached skill level 9 in Axes
  5033 | D:7      | Gained mutation: You are hated by all. [Ru sacrifice]
  5033 | D:7      | Reached *** piety under Ru
  5091 | D:7      | Found a glowing golden altar of the Shining One.
  5643 | D:8      | Reached XP level 9. HP: 63/79 MP: 8/8
  6094 | D:8      | Found a sparkling altar of Nemelex Xobeh.
  6299 | D:8      | Reached skill level 10 in Axes
  6673 | D:9      | Found a shadowy altar of Dithmenos.
  7091 | D:9      | Found a shimmering altar of Xom.
  7235 | D:9      | Reached skill level 11 in Axes
  7250 | D:9      | Reached XP level 10. HP: 90/90 MP: 9/9
  7434 | D:9      | Found a staircase to the Lair.
  7826 | D:9      | Gained mutation: You have somewhat slow reflexes. (EV -5)
                  | [Ru sacrifice]
  7826 | D:9      | Reached **** piety under Ru
  7873 | D:10     | Entered Level 10 of the Dungeon
  7873 | D:10     | Found Taireax's General Store.
  7878 | D:10     | Bought a scroll of teleportation for 36 gold pieces
  7902 | D:10     | Found Vokaim's Food Boutique.
  7925 | D:10     | Noticed Urug
  8563 | D:10     | Killed Urug
  8907 | D:10     | Reached skill level 12 in Axes
  9117 | D:10     | Found Heliuq's Antique Weapon Boutique.
  9154 | D:10     | Noticed a skeletal warrior
  9156 | D:10     | Noticed a centaur warrior
  9222 | D:10     | Found Agaz's Book Shop.
  9669 | D:11     | Found a staircase to the Orcish Mines.
  9670 | D:11     | Noticed a two-headed ogre
  9670 | D:11     | Noticed a two-headed ogre
 10289 | D:11     | Noticed a cyclops
 10298 | D:11     | Killed a cyclops
 10298 | D:11     | Reached XP level 11. HP: 77/99 MP: 10/10
 10873 | D:11     | Killed a two-headed ogre
 10873 | D:11     | Reached skill level 10 in Fighting
 10876 | D:11     | Reached skill level 10 in Shields
 10881 | D:11     | Reached skill level 13 in Axes
 10881 | D:11     | Reached skill level 10 in Armour
 10904 | D:11     | Killed a two-headed ogre
 11161 | D:12     | Noticed a red ugly thing
 11173 | D:12     | Killed a red ugly thing
 11214 | D:12     | Gained mutation: You are somewhat inexperienced. (-2 XL)
                  | [Ru sacrifice]
 11214 | D:12     | Reached XP level 10. HP: 72/93 MP: 9/9
 11214 | D:12     | Reached XP level 9. HP: 72/85 MP: 8/8
 11214 | D:12     | Reached ***** piety under Ru
 11255 | D:12     | Noticed a gargoyle
 11263 | D:12     | Killed a gargoyle
 11427 | Lair:1   | Entered Level 1 of the Lair of Beasts
 11558 | Lair:1   | Noticed Grum
 11581 | Lair:1   | Killed Grum
 11859 | Lair:1   | Noticed a spiny frog
 11864 | Lair:1   | Killed a spiny frog
 11963 | Lair:1   | Reached XP level 10. HP: 94/94 MP: 9/9
 12312 | Lair:1   | Noticed an eight-headed hydra
 12318 | Lair:1   | Killed an 11-headed hydra
 12488 | Lair:1   | Noticed a spiny frog
 12496 | Lair:1   | Killed a spiny frog
 12694 | Lair:1   | Reached skill level 14 in Axes
 12794 | Lair:2   | Found an ornate altar of the Wu Jian Council.
 12804 | Lair:2   | Noticed Harold
 12825 | Lair:2   | Killed Harold
 12994 | Lair:2   | Found a staircase to the Swamp.
 12996 | Lair:2   | Noticed a spiny frog
 13002 | Lair:2   | Killed a spiny frog
 13156 | Lair:2   | Got a distressingly furry scale mail
 13167 | Lair:2   | Identified the +5 scale mail of the Iron Devil {Str+2
                  | Int+7} (You found it on level 2 of the Lair of Beasts)
 13388 | Lair:2   | Reached skill level 1 in Dodging
 13391 | Lair:2   | Reached XP level 11. HP: 100/102 MP: 10/10
 13447 | Lair:2   | Noticed Gastronok
 13470 | Lair:2   | Killed Gastronok
 13664 | Lair:2   | Noticed a seven-headed hydra
 14018 | Lair:2   | HP: 1/102 [17-headed hydra (8)]
 14019 | Lair:2   | Killed a 17-headed hydra
 14692 | Lair:3   | Gained mutation: You cannot study or cast Earth magic. [Ru
                  | sacrifice]
 14692 | Lair:3   | Gained mutation: You cannot study or cast Transmutations
                  | magic. [Ru sacrifice]
 14692 | Lair:3   | Gained mutation: You cannot study or cast Summoning magic.
                  | [Ru sacrifice]
 14692 | Lair:3   | Reached ****** piety under Ru
 14707 | Lair:3   | Found a hole to the Spider Nest.
 14718 | Lair:3   | Noticed Nergalle
 14731 | Lair:3   | Reached skill level 15 in Axes
 14731 | Lair:3   | Killed Nergalle
 14750 | Lair:3   | Noticed an eight-headed hydra
 14784 | Lair:3   | Killed an 11-headed hydra
 15282 | Lair:3   | Reached XP level 12. HP: 97/112 MP: 11/11
 15805 | Lair:3   | Found a snail-covered altar of Cheibriados.
 16106 | Lair:4   | Reached skill level 5 in Dodging
 16546 | Lair:4   | Reached skill level 16 in Axes
 17193 | Lair:5   | Noticed a death yak
 17206 | Lair:5   | Killed a death yak
 17793 | Lair:5   | Found a transporter.
 18125 | Lair:5   | Found a runed translucent door.
 18126 | Lair:5   | Found a viscous altar of Jiyva.
 18131 | Lair:5   | Found a staircase to the Slime Pits.
 18157 | Lair:5   | Found a transporter.
 18158 | Lair:5   | Noticed Lunath's ghost (journeyman FeBe)
 18466 | Lair:6   | Entered Level 6 of the Lair of Beasts
 18482 | Lair:6   | Reached XP level 13. HP: 88/119 MP: 12/12
 19052 | Lair:6   | Reached skill level 17 in Axes
 20094 | Lair:6   | Killed from afar by a lindwurm

Illustrated notes

Levels and vault maps discovered:
D:1:      enne_arrival_octagon_isle, layout_basic, hangedman_glass_teeth
D:2:      layout_basic, nicolae_overflow_crystal_walls, grunt_ministairs_6
D:3:      layout_loops_ring, lemuel_crystal_altar
D:4:      minmay_general_purpose_star, layout_basic, dancing_weapons_uskayaw,
          lemuel_crystal_altar, serial_shops, shop, first_ration, led_sif_book
D:5:      layout_basic, kennysheep_little_box,
          minmay_temple_entry_statues_fountains,
          minmay_shop_enchanted_jewellery, minmay_manual_mares
D:6:      layout_basic, grunt_gozag_statues
D:7:      layout_loops_ring, tso_oasis_becter, ldierk_geyser, uniq_duvessa
D:8:      layout_loops_ring, nemelex_xobeh_ov_fountains_minmay
D:9:      layout_basic, xom_teletrap_fun, lemuel_doored_altar, erik_lair_dragon
D:10:     layout_rooms, serial_shops, shop_statue, nicolae_shop_behind_doors,
          nicolae_shop_temple_entry_statues_fountains, nicolae_shop_crystal,
          grunt_ogre_cave, minivault_12, uniq_urug
D:11:     layout_layer_cave, david_orc_2
D:12:     layout_basic, nicolae_trove_entry_crossroad, kennysheep_dice
Lair:1:   layout_concentric_octagons, infiniplex_staircase_pool_2, uniq_grum
Lair:2:   layout_cave_shapes, swamp_mist, basic_altar, uniq_gastronok,
          uniq_harold
Lair:3:   layout_chaotic_city, nicolae_spider_entry_non_spiders,
          kennysheep_snail_temple, uniq_nergalle
Lair:4:   layout_small_grid
Lair:5:   layout_cave_pods, slime_altar_2, gammafunk_ghost_abyssal_escape
Lair:6:   grunt_lair_end_beastmaster, layout_regular_city, grunt_megastairs_4,
          minmay_lair_oklob_chamber

Skill      XL: |  1  2  3  4  5  6  7  8  9 10 11 12 13 |
---------------+----------------------------------------+-----
Axes           | 3 4 5 6 7 9 11 14 15 16 17 | 17.8
Fighting       | 4 5 6 7 8 11 10 12 13 | 13.5
Armour         | 4 5 6 7 8 11 10 12 13 | 13.4
Shields        | 4 5 6 7 8 9 10 | 10.9
Dodging        | 1 4 6 8 |  8.0

Action                   |  1- 3 |  4- 6 |  7- 9 | 10-12 | 13-15 || total
-------------------------+-------+-------+-------+-------+-------++-------
Melee: War axe           |    59 |   129 |   357 |   701 |   161 ||  1407
       Headbutt          |     9 |    22 |    75 |   192 |    43 ||   341
Invok: Sacrifice Artific |       |     1 |       |       |       ||     1
       Sacrifice Love    |       |       |     1 |       |       ||     1
       Sacrifice Experie |       |       |     1 |       |       ||     1
       Draw Out Power    |       |       |       |     5 |     1 ||     6
       Power Leap        |       |       |       |     2 |     1 ||     3
       Sacrifice Health  |       |       |       |     1 |       ||     1
       Apocalypse        |       |       |       |     3 |     4 ||     7
       Sacrifice Arcana  |       |       |       |     1 |       ||     1
  Use: Potion            |       |     1 |       |     1 |     1 ||     3
       Scroll            |       |     4 |     9 |     5 |     7 ||    25
 Stab: Distracted        |       |       |     2 |     2 |       ||     4
       Invisible         |       |       |     5 |     5 |     1 ||    11
       Paralysed         |       |       |     1 |     3 |     3 ||     7
       Petrified         |       |       |       |       |    13 ||    13
  Eat: Chunk             |       |     5 |     5 |    23 |       ||    33
       Ration            |       |     1 |     3 |     4 |     1 ||     9
Armor: Scale mail        |    33 |    24 |       |   186 |    75 ||   318
       Chain mail        |       |    30 |    93 |    45 |       ||   168
       Plate armour      |       |       |    25 |   115 |       ||   140
Dodge: Dodged            |    21 |    48 |    66 |    76 |    54 ||   265
Block: Kite shield       |    36 |    74 |   178 |   457 |   142 ||   887
       Reflection        |       |       |       |    20 |       ||    20

Table legend:
 A = Non-vault XP
 B = Vault XP
 C = Vault XP percentage of total XP
 D = Non-vault monster count
 E = Vault monster count
 F = Vault count percentage of total count
                 A         B        C        D         E       F
            +---------+---------+-------+---------+---------+-------
      Total |   55128 |   15902 |  22.4 |     363 |      55 |  13.2
            +---------+---------+-------+---------+---------+-------
        D:1 |       6 |       0 |   0.0 |       4 |       0 |   0.0
        D:2 |      25 |       1 |   3.8 |       6 |       1 |  14.3
        D:3 |     135 |       0 |   0.0 |      20 |       0 |   0.0
        D:4 |     391 |      45 |  10.3 |      23 |       2 |   8.0
        D:5 |     497 |     225 |  31.2 |      18 |       2 |  10.0
        D:6 |    1013 |       0 |   0.0 |      22 |       0 |   0.0
        D:7 |     185 |     216 |  53.9 |       8 |       2 |  20.0
        D:8 |    1183 |       0 |   0.0 |      19 |       0 |   0.0
        D:9 |    1699 |     840 |  33.1 |      21 |       5 |  19.2
       D:10 |    1397 |     940 |  40.2 |      22 |       2 |   8.3
       D:11 |    4490 |     147 |   3.2 |      34 |       5 |  12.8
       D:12 |    1409 |       0 |   0.0 |       5 |       0 |   0.0
     Lair:1 |    3379 |     415 |  10.9 |      14 |       3 |  17.6
     Lair:2 |    3431 |    2888 |  45.7 |      15 |       2 |  11.8
     Lair:3 |    7180 |    2873 |  28.6 |      31 |      13 |  29.5
     Lair:4 |    3356 |       0 |   0.0 |      14 |       0 |   0.0
     Lair:5 |    9114 |       0 |   0.0 |      33 |       0 |   0.0
     Lair:6 |   16238 |    7312 |  31.0 |      54 |      18 |  25.0
            +---------+---------+-------+---------+---------+-------
